 Dungeon Crawl Stone Soup version 0.32-a0-433-g08bcfe7efd (webtiles) character file.

Game seed: 1212772357510885924

392156 BubbleThief the Swashbuckler (level 22, -4/128 HPs)
             Began as a Vine Stalker Brigand on Feb 22, 2024.
             Was a High Priest of Uskayaw.
             Killed from afar by a fire giant (36 damage)
             ... with a fireball
             ... on level 2 of the Depths.
             The game lasted 01:57:59 (35075 turns).

BubbleThief the Swashbuckler (VSBr)                Turns: 35075, Time: 01:58:00

Health: -4/128     AC: 19    Str: 15    XL:     22   Next: 91%
Magic:  0/35       EV: 27    Int: 11    God:    Uskayaw [*****.]
Gold:   4163       SH: 16    Dex: 35    Spells: 21/21 levels left

rFire   . . .        z - +9 quick blade (venom)
rCold   + + +        u - +1 kite shield {rC+}
rNeg    + + .        s - +0 swamp dragon scales
rPois   +            j - +2 helmet
rElec   .            x - +0 cloak of the Moon {rC+++}
rCorr   .            W - +0 pair of fencer's gloves {Riposte Dex+3}
SInv    .            i - +0 pair of boots {rampage}
Will    ++...        N - amulet of Qeath {^Fragile rN+ Regen+ Stlth+}
Stlth   ++++         V - ring of Vaaxzuit {rN+ Dex+6}
HPRegen 2.01/turn    P - +4 ring of slaying
MPRegen 0.24/turn

%: guardian spirit, rampage
@: very slow
A: fangs 3, regeneration 1, magic shield, antimagic bite, no potion heal 2,
screaming 1
}: 2/15 runes: decaying, gossamer
a: Renounce Religion, Stomp, Line Pass, Grand Finale


You were on level 2 of the Depths.
You worshipped Uskayaw.
Uskayaw was most pleased with you.
You visited 8 branches of the dungeon, and saw 37 of its levels.
You also visited: Ossuary, Ice Cave and Volcano.

You collected 5115 gold pieces.
You spent 952 gold pieces at shops.

Inventory:

Hand Weapons
 z - a +9 quick blade of venom (weapon)
Missiles
 d - 41 poisoned darts
 e - 8 curare-tipped darts (quivered)
 A - a throwing net
Armour
 i - a +0 pair of boots of rampaging (worn)
 j - a +2 helmet (worn)
 n - quicksilver dragon scales
 s - +0 swamp dragon scales (worn)
 u - a +1 kite shield of cold resistance (worn)
 x - the +0 cloak of the Moon (worn) {rC+++}
   (You acquired it on level 2 of the Lair of Beasts)

   rC+++:     It renders you almost immune to cold.
 L - the +2 leather armour "Ijank" {rN++ SInv}
   (You found it on level 5 of the Lair of Beasts)

   rN++:      It greatly protects you from negative energy.
   SInv:      It lets you see invisible.
 W - the +0 pair of fencer's gloves (worn) {Riposte Dex+3}
   (You acquired it on level 13 of the Dungeon)

   Riposte:   It allows the wearer to riposte with melee weapons, swiftly
   retaliating against missed or blocked melee attacks.
   Dex+3:     It affects your dexterity (+3).
 Z - the +0 pair of boots "Onliocee" {Will+ Int+2}
   (You found it on level 4 of the Spider Nest)

   Int+2:     It affects your intelligence (+2).
   Will+:     It increases your willpower.
Jewellery
 N - the amulet of Qeath (around neck) {^Fragile rN+ Regen+ Stlth+}
   (You acquired it on level 2 of the Swamp)

   [amulet of regeneration]

   rN+:       It protects you from negative energy.
   Regen+:    It increases your rate of health regeneration.
   ^Fragile:  It will be destroyed if unequipped.
   Stlth+:    It makes you more stealthy.
 P - a +4 ring of slaying (right hand)
 Q - a ring of resist corrosion
 T - a ring of protection from cold
 U - a ring of protection from fire
 V - the ring of Vaaxzuit (left hand) {rN+ Dex+6}
   (You bought it in a shop on level 2 of the Depths)

   [ring of positive energy]

   Dex+6:     It affects your dexterity (+6).
   rN+:       It protects you from negative energy.
 Y - a ring of see invisible
Wands
 w - a wand of light (36)
 y - a wand of digging (6)
 E - a wand of flame (16)
 X - a wand of polymorph (3)
Scrolls
 b - 8 scrolls of teleportation
 c - 2 scrolls of immolation
 g - 5 scrolls of revelation
 k - 7 scrolls of identify
 o - 8 scrolls of blinking
 t - 4 scrolls of enchant armour
 v - a scroll of fog
 C - a scroll of fear
 F - a scroll of silence
 G - 5 scrolls of enchant weapon
 H - 4 scrolls of brand weapon
 S - 3 scrolls of summoning
Potions
 a - 6 potions of ambrosia
 f - 6 potions of attraction
 h - 3 potions of enlightenment
 l - 10 potions of haste
 m - 10 potions of curing
 p - 6 potions of might
 q - 6 potions of mutation
 r - 3 potions of resistance
 B - 4 potions of magic
 I - 3 potions of cancellation
 J - 8 potions of brilliance
 K - 9 potions of lignification
 M - 3 potions of invisibility
 R - 3 potions of berserk rage
Miscellaneous
 D - a tin of tremorstones (2/2)
 O - a phantom mirror


   Skills:
 - Level 18.0 Fighting
 - Level 18.0 Short Blades
 - Level 1.7 Throwing
 - Level 12.2 Armour
 - Level 15.0 Dodging
 - Level 15.0 Stealth
 + Level 8.7 Shields
 - Level 16.0 Invocations


You had 21 spell levels left.
You didn't know any spells.
Your spell library contained the following spells:

 Spells                   Type           Power      Damage    Failure   Level
 Foxfire                  Conj/Fire      0%         2x1d4     80%         1
 Kiss of Death            Conj/Necr      0%         2d5       80%         1
 Magic Dart               Conj           0%         1d3       80%         1
 Necrotise                Necr           0%         1d4       80%         1
 Shock                    Conj/Air       0%         1d3       80%         1
 Summon Small Mammal      Summ           0%         N/A       80%         1
 Blink                    Tloc           0%         N/A       91%         2
 Call Imp                 Summ           0%         N/A       91%         2
 Cigotuvi's Dreadful Rot  Necr/Alch/Air  0%         N/A       91%         2
 Ensorcelled Hibernation  Hex/Ice        0%         N/A       91%         2
 Lesser Beckoning         Tloc           0%         N/A       91%         2
 Sublimation of Blood     Necr           0%         N/A       91%         2
 Call Canine Familiar     Summ           0%         N/A       99%         3
 Confusing Touch          Hex            0%         N/A       99%         3
 Dazzling Flash           Conj/Hex       0%         N/A       99%         3
 Fugue of the Fallen      Necr           0%         N/A       99%         3
 Gell's Gravitas          Tloc           0%         N/A       99%         3
 Hailstorm                Conj/Ice       0%         3d5       99%         3
 Mephitic Cloud           Conj/Alch/Air  0%         N/A       99%         3
 Summon Ice Beast         Ice/Summ       0%         N/A       99%         3
 Swiftness                Air            0%         N/A       99%         3
 Teleport Other           Tloc           0%         N/A       99%         3
 Vampiric Draining        Necr           0%         2d6       99%         3
 Airstrike                Air            0%         2d(0-16)  100%        4
 Anguish                  Hex/Necr       0%         N/A       100%        4
 Cause Fear               Hex            0%         N/A       100%        4
 Dispel Undead            Necr           0%         3d6       100%        4
 Ignite Poison            Fire/Alch      0%         N/A       100%        4
 Manifold Assault         Tloc           0%         N/A       100%        4
 Martyr's Knell           Necr/Summ      0%         N/A       100%        4
 Sticky Flame             Fire/Alch      0%         2d4       100%        4
 Summon Blazeheart Golem  Fire/Summ      0%         N/A       100%        4
 Curse of Agony           Necr           0%         N/A       100%        5
 Freezing Cloud           Conj/Ice/Air   0%         6-21      100%        5
 Silence                  Hex/Air        0%         N/A       100%        5
 Death Channel            Necr           0%         N/A       100%        6
 Dispersal                Tloc           0%         N/A       100%        6
 Plasma Beam              Fire/Air       0%         2x1d10    100%        6
 Sculpt Simulacrum        Ice/Alch       0%         N/A       100%        6
 Starburst                Conj/Fire      0%         6d3       100%        6
 Enfeeble                 Hex            0%         N/A       100%        7
 Ozocubu's Refrigeration  Ice            0%         4d7       100%        7
 Summon Hydra             Summ           0%         N/A       100%        7
 Disjunction              Tloc           0%         N/A       100%        8
 Ignition                 Fire           0%         3d3       100%        8
 Polar Vortex             Ice            0%         N/A       100%        9


Dungeon Overview and Level Annotations

Branches:
Dungeon (15/15)            Temple (1/1) D:6            Lair (5/5) D:10
  Swamp (4/4) Lair:2       Spider (4/4) Lair:2        Slime (0/5) Lair:4
    Orc (2/2) D:10            Elf (0/3) Orc:2        Vaults (4/5) D:13
  Crypt (0/3) Vaults:3     Depths (2/4) D:15        Ossuary (visited)
  IceCv (visited)         Volcano (visited)

Altars:
Ashenzari
Cheibriados
Dithmenos
Elyvilon
Fedhas
Gozag
Hepliaklqana
Kikubaaqudgha
Makhleb
Nemelex Xobeh
Okawaru
Qazlal
Ru
Sif Muna
Trog
Uskayaw
Vehumet
Wu Jian
Xom
Yredelemnul
Zin
The Shining One
Beogh
Jiyva

Shops:
D:5 *   D:7 (   Orc:2 *:[(   Depths:1 *   Depths:2 :==

Portals:
Hell: Depths:1 Depths:2
Abyss: Depths:1 Depths:2
Pandemonium: Depths:1 Depths:2
Ziggurat: Depths:2

Annotations:
Lair:5 3 runed translucent doors, avangion's ghost, journeyman MiBe
Depths:1 3 runed translucent doors, Cyommoer's ghost, adept DEHW; Eluafa Diuxt's ghost, veteran TrGl
Depths:2 2 transporters, Voac's ghost, journeyman MiAr


Innate Abilities, Weirdness & Mutations

You have razor-sharp teeth.
Your natural rate of healing is unusually fast.
When hurt, damage is shared between your health and your magic reserves.
Your bite disrupts and absorbs the magic of your enemies.
Potions cannot restore your health.
You occasionally shout uncontrollably at your foes.


Message History

Aiming: Grand Finale
Press: ? - help, Shift-Dir - straight line, f/p - fire giant
Aim: a fire giant, wielding a +1 great sword of flaming (water, lightly wounded, sharing its pain) Why would you want to do that?
Aiming: Grand Finale
Press: ? - help, Shift-Dir - straight line, f/p - fire giant
Aim: a fire giant, wielding a +1 great sword of flaming (water, lightly wounded, sharing its pain) Why would you want to do that?
Aiming: Grand Finale
Press: ? - help, Shift-Dir - straight line, f/p - fire giant
Aim: a fire giant, wielding a +1 great sword of flaming (water, lightly wounded, sharing its pain)
Okay, then.
Unknown command.
Aiming: Grand Finale
Press: ? - help, Shift-Dir - straight line, f/p - fire giant
Aim: a fire giant, wielding a +1 great sword of flaming (water, lightly wounded, sharing its pain) Why would you want to do that?
Aiming: Grand Finale
Press: ? - help, Shift-Dir - straight line, f/p - fire giant
Aim: a fire giant, wielding a +1 great sword of flaming (water, lightly wounded, sharing its pain) Why would you want to do that?
Aiming: Grand Finale
Press: ? - help, Shift-Dir - straight line, f/p - fire giant
Aim: a fire giant, wielding a +1 great sword of flaming (water, lightly wounded, sharing its pain) Why would you want to do that?
Aiming: Grand Finale
Press: ? - help, Shift-Dir - straight line, f/p - fire giant
Aim: a fire giant, wielding a +1 great sword of flaming (water, lightly wounded, sharing its pain)
Okay, then.
You rampage towards the fire giant!
You enter the shallow water.
Moving in this stuff is going to be slow.
A stone giant comes into view.
The fire giant casts a spell at you.
The fireball explodes!
The fireball engulfs you!!!
* * * LOW HITPOINT WARNING * * *
The fireball engulfs the fire giant.
The fire giant resists.
The fire giant points at you and mumbles some strange words.
The fireball explodes!
The fireball engulfs you!!!
You die...
Your body falls in perfect tune with the rhythm.

#..÷C.....#....#...ZZL... ###
#..###.........########## ##.#
##..#.#......#........©...
#..####÷÷.#.##..................
#.........#..##....#.####..#.#..
##........##...###..#....#.......
.................................
~~~~~~)~~~~....§§§~~≈~~~~~~~≈~~~≈
~≈≈≈~≈≈≈≈≈~....§@§≈~≈≈≈≈≈≈~≈≈~≈≈≈
~~~≈~~~≈~≈≈....§C§~~~~~~~~~#####~
...............†...........#.?T#≈
###########''''#############.T.#≈
#....# #'###≈ .'...C' #.≈≈
###....## #.~≈ ##''## #.~≈ ....
#.~~


You could see a fire giant (pain bonded) and a stone giant.

Vanquished Creatures
  A juggernaut (Depths:2)
  Bai Suzhen (Vaults:3)
  Saint Roka (Orc:2)
  Boris (Vaults:4)
  Margery (Vaults:2)
  A caustic shrike (Depths:2)
  A golden dragon (Vaults:4)
  Arachne (Spider:2)
  Zenata (Vaults:4)
  Rupert (Lair:5)
  Asterion (Vaults:1)
  A lich (Vaults:2)
  Mlioglotl (Swamp:1)
  2 tentacled monstrosities
  A hellephant (Vaults:2)
  A titan (Depths:2)
  A quicksilver dragon (Depths:2)
  4 sphinxes
  Gastronok (Orc:1)
  2 tengu reavers
  3 storm dragons
  A fenstrider witch (Swamp:2)
  2 frost giants (Depths:2)
  3 emperor scorpions
  6 vault wardens
  A deep elf sorcerer (Vaults:4)
  2 fire giants (Depths:2)
  2 orc warlords
  3 ghost moths (Spider:4)
  20 ironbound preservers
  A broodmother (Spider:2)
  A reaper (IceCv)
  5 ironbound thunderhulks
  4 stone giants
  A vampire knight (Depths:2)
  9 very ugly things
  4 formless jellyfish
  4 eleionomae
  4 deep elf annihilators (Vaults:4)
  3 deep elf demonologists
  5 bunyips
  Azrael (Orc:2)
  18 spark wasps
  8 dire elephants
  4 war gargoyles (Vaults:4)
  A blizzard demon (Depths:1)
  4 ettins
  6 crystal guardians (Vaults:4)
  6 fire dragons
  2 quicksilver dragon zombies
  8 yaktaur captains
  4 deep elf high priests
  Josephine (Orc:1)
  3 jiangshi (Depths:1)
  7 entropy weavers
  12 great orbs of eyes
  7 vault guards
  An entropy weaver (shapeshifter) (D:14)
  2 peacekeepers
  2 rakshasas
  26 hydras
  An ogre mage (D:13)
  3 spriggan air magi
  2 ghost crabs (Swamp:4)
  18 ironbound frosthearts
  7 ice dragons
  A jorogumo (Spider:2)
  A catoblepas (Lair:5)
  7 radroaches
  An anaconda (Lair:4)
  Erica (Orc:1)
  The ghost of CougarLife the Geomancer, a journeyman GrEE of Vehumet (D:9)
  14 centaur warriors
  A dancing weapon (Volcano)
  7 alligators
  3 two-headed ogres
  8 boulder beetles
  11 demonic crawlers
  4 tengu warriors
  8 death yaks
  4 deep troll shamans
  2 deep troll earth magi (Depths:2)
  An orc high priest (Orc:2)
  4 hell knights
  2 vampire magi (Depths:1)
  5 occultists
  A deep elf knight (D:13)
  2 spriggan berserkers (Swamp:3)
  Sonja (D:11)
  A sun demon (Depths:1)
  Nergalle (Orc:2)
  A skyshark (Lair:2)
  5 iron trolls (Depths:2)
  9 pharaoh ants
  A fire crab (Lair:4)
  7 spriggan druids
  8 goliath frogs
  3 death drakes (Depths:2)
  5 glowing orange brains
  64 deep trolls
  9 swamp dragons
  7 orb spiders
  4 sun moths
  5 bog bodies
  A lindwurm (shapeshifter) (Vaults:2)
  A phantasmal warrior (Vaults:3)
  9 arcanists
  4 large abominations (Depths:2)
  14 lindwurms
  8 orc knights
  6 necromancers
  2 deep elf pyromancers
  6 harpies (Vaults:2)
  16 ironbound convokers
  8 steelbarb worms
  A golden dragon skeleton (Depths:1)
  19 wolf spiders
  34 ugly things
  An oklob plant (Lair:3)
  5 toenail golems (Volcano)
  5 orc sorcerers
  4 elephants (Lair:5)
  6 moths of wrath
  A manticore (shapeshifter) (Vaults:4)
  9 will-o-the-wisps
  6 cyclopes
  7 meliai
  5 manticores
  3 black mambas (Lair:4)
  A fire giant skeleton (Depths:1)
  2 ice statues (IceCv)
  A frost giant skeleton (Depths:2)
  5 torpor snails
  2 smoke demons
  2 kobold blastminers (Orc:2)
  12 vault sentinels
  13 cane toads
  3 gargoyles
  23 yaktaurs
  A komodo dragon (shapeshifter) (D:13)
  5 unseen horrors (Depths:2)
  16 komodo dragons
  4 freezing wraiths
  A spark wasp simulacrum (Depths:2)
  2 tengu conjurers (D:15)
  A rime drake (Lair:4)
  A bloated husk (Swamp:3)
  7 ice devils (IceCv)
  4 trolls
  10 tyrant leeches
  A tengu simulacrum (Depths:2)
  10 hornets
  3 polar bears
  17 tarantellas
  6 dream sheep (Lair:5)
  A glass eye (Depths:1)
  25 blink frogs
  53 slime creatures
  A shadow (D:11)
  2 wyverns
  11 spriggans
  A spriggan skeleton (Depths:1)
  32 jumping spiders
  17 culicivoras
  A basilisk (shapeshifter) (D:13)
  Eustachio (D:5)
  6 fire elementals
  A warg (Orc:1)
  12 wraiths
  29 yaks
  4 basilisks
  5 humans (Volcano)
  3 steam dragons
  Grum (D:8)
  3 death yak simulacra (IceCv)
  39 redbacks
  14 vampire mosquitoes
  3 chaos spawn (Depths:2)
  22 swamp worms
  4 acid dragons
  5 hell hounds
  20 water moccasins
  2 black bears (Lair:5)
  An ice beast (D:7)
  26 orc warriors
  11 swamp drakes
  A black bear (shapeshifter) (Vaults:4)
  6 ogres
  2 laughing skulls (D:14)
  27 wolves
  13 centaurs
  3 phantoms
  A weeping skull (Ossuary)
  2 elf zombies (Ossuary)
  17 bullfrogs
  2 kobold brigands
  7 scorpions
  3 gnoll sergeants
  2 cane toad simulacra (IceCv)
  3 small abominations (Depths:2)
  A two-headed ogre simulacrum (IceCv)
  A burial acolyte (Ossuary)
  5 wights (D:10)
  5 electric eels
  A howler monkey (D:4)
  4 bombardier beetles
  2 jellies
  13 orc priests
  A gnoll bouda (D:8)
  4 hounds
  A sleepcap (D:5)
  Ijyb (D:4)
  13 orc wizards
  2 spriggan simulacra (IceCv)
  2 hell rats (Lair:4)
  A polar bear simulacrum (IceCv)
  A troll simulacrum (IceCv)
  2 wolf simulacra (IceCv)
  3 mummies (Ossuary)
  22 gnolls
  3 adders
  6 naga simulacra (IceCv)
  A shadow imp (D:5)
  2 white imps
  An ufetubus (IceCv)
  2 dart slugs
  A ribbon worm (D:4)
  44 orcs
  7 ball pythons
  7 endoplasms
  5 giant cockroaches
  10 goblins
  6 hobgoblins
  4 jackals (D:4)
  12 kobolds
  2 quokkas
  4 bats
  2 frilled lizards
  3 gnoll zombies (Ossuary)
  A kobold zombie (Ossuary)
  2 orc zombies (Ossuary)
  A quokka zombie (D:2)
  3 rats
1476 creatures vanquished.

Vanquished Creatures (collateral kills)
  A tarantella (Spider:4)
  An orc (Orc:2)
2 creatures vanquished.

Vanquished Creatures (others)
  A fire giant (Depths:1)
  A lindwurm (Swamp:4)
  A will-o-the-wisp (Swamp:4)
  A wolf spider (Spider:2)
  2 bloated husks
  A swamp worm (Swamp:1)
  2 swamp drakes (Swamp:4)
  An orc priest (Orc:2)
  2 orcs (Orc:2)
  15 foxfires
27 creatures vanquished.

Grand Total: 1505 creatures vanquished

Notes
Turn   | Place    | Note
-------+----------+-------------------------------------------
     0 | D:1      | BubbleThief the Vine Stalker Brigand began the quest for
                  | the Orb.
     0 | D:1      | Reached XP level 1. HP: 11/11 MP: 2/2
    49 | D:1      | Reached skill level 5 in Stealth
    72 | D:1      | Reached XP level 2. HP: 15/15 MP: 3/3
   156 | D:1      | Reached XP level 3. HP: 18/18 MP: 4/4
   674 | D:2      | Reached XP level 4. HP: 23/23 MP: 5/5
  1607 | D:3      | Reached XP level 5. HP: 28/28 MP: 6/6
  1893 | D:3      | Found a glowing silver altar of Zin.
  2386 | D:4      | Reached XP level 6. HP: 21/32 MP: 4/7
  2651 | D:4      | Noticed Ijyb
  2717 | D:4      | Killed Ijyb
  2718 | D:4      | Reached XP level 7. HP: 37/37 MP: 6/8
  3039 | D:5      | Entered Level 5 of the Dungeon
  3105 | D:5      | Found a glowing golden altar of the Shining One.
  3233 | D:5      | Found Miug Dua's Elemental Accessories.
  3333 | D:5      | Gained mutation: You have razor-sharp teeth. [Vine Stalker
                  | growth]
  3333 | D:5      | Reached XP level 8. HP: 7/42 MP: 6/9
  3338 | D:5      | Reached skill level 5 in Fighting
  3352 | D:5      | Reached skill level 5 in Short Blades
  3542 | D:5      | Noticed Eustachio
  3546 | D:5      | Killed Eustachio
  3634 | D:5      | Found a sand-covered staircase.
  3644 | Ossuary  | Entered an ossuary
  4141 | D:6      | Reached XP level 9. HP: 49/49 MP: 8/10
  4206 | D:6      | Found a staircase to the Ecumenical Temple.
  4211 | Temple   | Entered the Ecumenical Temple
  4223 | Temple   | Became a worshipper of Uskayaw the Reveller
  4258 | D:6      | Reached * piety under Uskayaw
  4260 | D:6      | Reached ** piety under Uskayaw
  4346 | D:6      | Reached skill level 1 in Invocations
  4415 | D:6      | Reached *** piety under Uskayaw
  4425 | D:6      | Reached **** piety under Uskayaw
  4914 | D:7      | Found Zaur's Antique Weapon Shop.
  5108 | D:7      | Noticed a hornet
  5145 | D:7      | Paralysed by a hornet for 1 turns
  5152 | D:7      | Killed a hornet
  5440 | D:7      | Noticed a skeletal warrior
  5494 | D:8      | Noticed Grum
  5509 | D:8      | Reached XP level 10. HP: 33/56 MP: 7/14
  5522 | D:8      | Killed Grum
  5526 | D:8      | Reached ***** piety under Uskayaw
  5737 | D:8      | Reached skill level 5 in Invocations
  6133 | D:8      | Found a shimmering altar of Xom.
  6133 | D:8      | Found a shimmering altar of Xom.
  6133 | D:8      | Found a shimmering altar of Xom.
  6134 | D:8      | Found a shimmering altar of Xom.
  6134 | D:8      | Found a shimmering altar of Xom.
  6175 | D:9      | Noticed a two-headed ogre
  6182 | D:9      | Killed a two-headed ogre
  6311 | D:9      | Reached ****** piety under Uskayaw
  6421 | D:9      | Found a runed translucent door.
  6432 | D:9      | Reached XP level 11. HP: 49/62 MP: 13/17
  6475 | D:9      | Noticed CougarLife's ghost (journeyman GrEE)
  6505 | D:9      | Killed CougarLife's ghost
  7101 | D:10     | Entered Level 10 of the Dungeon
  7138 | D:10     | Found a staircase to the Orcish Mines.
  7139 | D:10     | Found a sparkling altar of Nemelex Xobeh.
  7249 | D:10     | Found a staircase to the Lair.
  7586 | D:10     | Reached skill level 10 in Fighting
  7870 | D:10     | Reached skill level 10 in Short Blades
  8208 | Lair:1   | Entered Level 1 of the Lair of Beasts
  8380 | Lair:1   | Reached XP level 12. HP: 59/68 MP: 15/19
  9023 | Lair:2   | Noticed an eight-headed hydra
  9031 | Lair:2   | Killed an eight-headed hydra
  9116 | Lair:2   | Reached skill level 10 in Invocations
  9169 | Lair:2   | Found a hole to the Spider Nest.
  9414 | Lair:2   | Noticed a six-headed hydra
  9419 | Lair:2   | Killed a six-headed hydra
  9476 | Lair:2   | Found a transporter.
  9476 | Lair:2   | Found a transporter.
  9476 | Lair:2   | Noticed a boulder beetle
  9476 | Lair:2   | Noticed a boulder beetle
  9484 | Lair:2   | Killed a boulder beetle
  9489 | Lair:2   | Killed a boulder beetle
  9534 | Lair:2   | Noticed a six-headed hydra
  9538 | Lair:2   | Killed a six-headed hydra
  9539 | Lair:2   | Reached XP level 13. HP: 74/74 MP: 21/21
  9769 | Lair:2   | Found a staircase to the Swamp.
  9975 | Lair:2   | Reached skill level 1 in Dodging
 10140 | Lair:3   | Identified a scroll of acquirement
 10141 | Lair:3   | Acquired the scarf of Context {shadows, rF- rN++}
 11031 | Lair:4   | Found a dark tunnel.
 11051 | Volcano  | Entered a volcano
 11305 | Lair:4   | Found a frozen archway.
 11318 | Lair:4   | Found a viscous altar of Jiyva.
 11321 | IceCv    | Entered an ice cave
 11606 | IceCv    | Noticed a reaper
 12115 | IceCv    | Killed a reaper
 12116 | IceCv    | Reached skill level 5 in Dodging
 12116 | IceCv    | Reached XP level 14. HP: 80/80 MP: 24/24
 12291 | Lair:4   | Found a staircase to the Slime Pits.
 12677 | Lair:4   | Noticed a dire elephant
 12827 | Lair:4   | Killed a dire elephant
 13341 | Lair:5   | Entered Level 5 of the Lair of Beasts
 13411 | Lair:5   | Noticed Rupert
 13541 | Lair:5   | Found a runed translucent gate.
 13541 | Lair:5   | Found a runed translucent gate.
 13541 | Lair:5   | Found a runed translucent gate.
 13541 | Lair:5   | Noticed an acid blob
 13541 | Lair:5   | Noticed an acid blob
 13541 | Lair:5   | Noticed an azure jelly
 13541 | Lair:5   | Noticed an azure jelly
 13541 | Lair:5   | Noticed an azure jelly
 13541 | Lair:5   | Noticed a quicksilver ooze
 13544 | Lair:5   | Killed Rupert
 13545 | Lair:5   | Noticed an acid blob
 13545 | Lair:5   | Noticed an azure jelly
 13545 | Lair:5   | Noticed an azure jelly
 13545 | Lair:5   | Noticed an azure jelly
 13545 | Lair:5   | Noticed an acid blob
 13545 | Lair:5   | Noticed avangion's ghost (journeyman MiBe)
 13545 | Lair:5   | Noticed an acid blob
 13546 | Lair:5   | Noticed an azure jelly
 13929 | Lair:5   | Identified the +2 leather armour "Ijank" {rN++ SInv}
 14260 | Lair:5   | Reached skill level 10 in Stealth
 14348 | Lair:5   | Noticed a dire elephant
 14376 | Lair:5   | Killed a dire elephant
 14585 | Lair:5   | Found a viscous altar of Jiyva.
 14756 | Orc:1    | Entered Level 1 of the Orcish Mines
 14792 | Orc:1    | Reached XP level 15. HP: 81/85 MP: 23/25
 14807 | Orc:1    | Noticed Josephine
 14858 | Orc:1    | Killed Josephine
 14945 | Orc:1    | Noticed Erica
 14949 | Orc:1    | Killed Erica
 14975 | Orc:1    | Found a roughly hewn altar of Beogh.
 14980 | Orc:1    | Noticed Gastronok
 14992 | Orc:1    | Killed Gastronok
 15305 | Orc:2    | Entered Level 2 of the Orcish Mines
 15348 | Orc:2    | Found a staircase to the Elven Halls.
 15859 | Orc:2    | Noticed Azrael
 15970 | Orc:2    | Noticed Saint Roka
 16192 | D:11     | Noticed Sonja
 16195 | D:11     | Killed Sonja
 17753 | D:13     | Acquired the +0 pair of fencer's gloves {Riposte Dex+3}
 17753 | D:13     | Found the +0 pair of fencer's gloves {Riposte Dex+3}
 18308 | D:13     | Found a gate to the Vaults.
 19084 | D:14     | Reached XP level 16. HP: 16/91 MP: 6/27
 19667 | D:15     | Entered Level 15 of the Dungeon
 19840 | D:15     | Found a staircase to the Depths.
 21001 | Orc:2    | Killed Azrael
 21116 | Orc:2    | Found a roughly hewn altar of Beogh.
 21118 | Orc:2    | Found Ujenaesm's General Store.
 21121 | Orc:2    | Noticed Nergalle
 21172 | Orc:2    | Killed Saint Roka
 21180 | Orc:2    | Killed Nergalle
 21241 | Orc:2    | Found Xunoamem's Antique Armour Emporium.
 21244 | Orc:2    | Found Mekex's Antique Weapon Emporium.
 21281 | Orc:2    | Found Yleff's Book Emporium.
 21367 | Orc:2    | Bought a faintly humming leather armour for 154 gold pieces
 21367 | Orc:2    | Identified the +0 leather armour of Indecent Exposure
                  | {Dex+3} (You bought it in a shop on level 2 of the Orcish
                  | Mines)
 21367 | Orc:2    | Bought a glowing helmet for 165 gold pieces
 21616 | D:10     | Acquired a +7 quick blade of venom
 21798 | Lair:3   | Reached skill level 10 in Dodging
 21890 | Swamp:1  | Entered Level 1 of the Swamp
 22136 | Swamp:1  | Reached skill level 1 in Armour
 22172 | Swamp:1  | Reached skill level 15 in Short Blades
 22377 | Swamp:1  | Noticed Mlioglotl
 22510 | Swamp:2  | Noticed a fenstrider witch
 22521 | Swamp:2  | Killed a fenstrider witch
 22551 | Swamp:2  | Reached XP level 17. HP: 36/98 MP: 21/28
 23078 | Swamp:2  | Acquired the amulet of Qeath {^Fragile rN+ Regen+ Stlth+}
 23738 | Swamp:4  | Entered Level 4 of the Swamp
 23872 | Swamp:4  | Noticed a tentacled monstrosity
 23884 | Swamp:4  | Killed a tentacled monstrosity
 23885 | Swamp:4  | Reached skill level 5 in Armour
 23950 | Swamp:4  | Reached skill level 15 in Fighting
 24020 | Swamp:4  | Got a decaying rune of Zot
 24601 | Swamp:1  | Noticed a tentacled starspawn
 24605 | Swamp:1  | Killed Mlioglotl
 24661 | Swamp:1  | Identified the +8 dagger of Keeff {spect, Fly rPois Dex+2}
 24901 | Spider:1 | Entered Level 1 of the Spider Nest
 25130 | Spider:1 | Reached XP level 18. HP: 104/104 MP: 29/29
 25885 | Spider:2 | Noticed Arachne
 25894 | Spider:2 | Killed Arachne
 26578 | Spider:4 | Entered Level 4 of the Spider Nest
 26980 | Spider:4 | Reached XP level 19. HP: 70/108 MP: 21/30
 26992 | Spider:4 | Got a milky-white gem with 505 turns to spare
 27003 | Spider:4 | Identified the +0 pair of boots "Onliocee" {Will+ Int+2}
 27006 | Spider:4 | Got a gossamer rune of Zot
 27769 | Lair:2   | Acquired the +0 cloak of the Moon {rC+++}
 27980 | Vaults:1 | Entered Level 1 of the Vaults
 28172 | Vaults:1 | Noticed Asterion
 28179 | Vaults:1 | Killed Asterion
 28749 | Vaults:1 | Reached skill level 15 in Stealth
 28857 | Vaults:2 | Reached XP level 20. HP: 115/115 MP: 31/31
 29243 | Vaults:2 | Noticed Margery
 29248 | Vaults:2 | Noticed a hellephant
 29255 | Vaults:2 | Killed Margery
 29258 | Vaults:2 | Killed a hellephant
 29480 | Vaults:2 | Noticed a Tzitzimitl
 29534 | Vaults:2 | Identified the +0 chain mail of a bazaar {rCorr Str+6}
 30102 | Vaults:3 | Reached skill level 10 in Armour
 30237 | Vaults:3 | Noticed Bai Suzhen
 30250 | Vaults:3 | Killed Bai Suzhen
 30260 | Vaults:3 | Reached skill level 15 in Dodging
 30566 | Vaults:3 | Reached XP level 21. HP: 113/121 MP: 28/32
 31148 | Vaults:3 | Found a staircase to the Crypt.
 31396 | Vaults:4 | Noticed Zenata
 31411 | Vaults:4 | Killed Zenata
 31457 | Vaults:4 | Identified the +0 chain mail "Meatt" {Int+3 Stlth+}
 31521 | Vaults:4 | Gained mutation: You occasionally shout uncontrollably at
                  | your foes. [a shining eye]
 31680 | Vaults:4 | Noticed a golden dragon
 31684 | Vaults:4 | Killed a golden dragon
 31951 | Vaults:4 | Identified the +4 robe of Freezing Life {Dex+2}
 31951 | Vaults:4 | Noticed Boris
 32104 | Vaults:4 | Reached skill level 15 in Invocations
 32257 | Vaults:4 | Killed Boris
 32822 | Vaults:4 | Upgraded the game from 0.32-a0-422-g28b100f618 to
                  | 0.32-a0-433-g08bcfe7efd
 32955 | Depths:1 | Entered Level 1 of the Depths
 32959 | Depths:1 | Found Sosomud's Overcharged Wands.
 32982 | Depths:1 | Found a shadowy altar of Dithmenos.
 33002 | Depths:1 | Reached XP level 22. HP: 106/128 MP: 28/34
 33263 | Depths:1 | Reached skill level 1 in Shields
 33399 | Depths:1 | Found a one-way gate leading to the halls of Pandemonium.
 33456 | Depths:1 | Found a runed translucent gate.
 33456 | Depths:1 | Found a runed translucent gate.
 33456 | Depths:1 | Found a runed translucent gate.
 33557 | Depths:1 | Found a one-way gate to the infinite horrors of the Abyss.
 33813 | Depths:1 | Found a gateway to Hell.
 33876 | Depths:1 | Noticed Eluafa Diuxt's ghost (veteran TrGl)
 33876 | Depths:1 | Noticed Cyommoer's ghost (adept DEHW)
 33912 | Depths:2 | Found a one-way gateway to a ziggurat.
 34081 | Depths:2 | Found a transporter.
 34083 | Depths:2 | Noticed an ancient lich
 34083 | Depths:2 | Noticed Voac's ghost (journeyman MiAr)
 34178 | Depths:2 | Found an ancient bone altar of Kikubaaqudgha.
 34360 | Depths:2 | Reached skill level 5 in Shields
 34430 | Depths:2 | Found Qoukoenoy's Jewellery Shoppe.
 34432 | Depths:2 | Found Qahozoab's Book Boutique.
 34433 | Depths:2 | Found Zexu's Jewellery Shoppe.
 34447 | Depths:2 | Bought the ring of Vaaxzuit {rN+ Dex+6} for 633 gold pieces
 34575 | Depths:2 | Found a transporter.
 34805 | Depths:2 | Noticed a caustic shrike
 34820 | Depths:2 | Killed a caustic shrike
 35021 | Depths:2 | Noticed a juggernaut
 35038 | Depths:2 | Killed a juggernaut
 35075 | Depths:2 | Killed from afar by a fire giant

Illustrated notes

Levels and vault maps discovered:
D:1:      sevenhm_arrival_forest_fort_large_4, layout_basic, minmay_heptomino_h4
D:2:      layout_loops_corners, serial_undead, serial_undead_f, serial_undead_b,
          serial_undead_a, serial_undead_b, dreamdust_wishing_well
D:3:      layout_basic, zin_treasury
D:4:      layout_loops_ring, uniq_ijyb
D:5:      layout_loops_ring, mainiacjoe_overflow_surrounded_room,
          enter_ossuary_1, nicolae_elemental_shop,
          minmay_fractal_squares_diagonal_5, uniq_eustachio
D:6:      layout_basic, temple_doors_e
D:7:      layout_basic, serial_shops, shop, minmay_guarded_unrand_finisher
D:8:      layout_rooms, xom_shifter_show, minmay_diced_spiral, uniq_grum
D:9:      layout_basic, serial_bayou, serial_bayou_pond_b,
          serial_bayou_crossing, serial_bayou_shore_b, serial_bayou_shore_b,
          serial_bayou_pond_c, ebering_ghost_reflecting_pool
D:10:     layout_irregular_city, mainiacjoe_overflow_small_starburst,
          erik_lair_dragon
D:11:     layout_roguey, minmay_misc_feat_ornament, uniq_sonja
D:12:     layout_stronghold
D:13:     layout_loops_corners, grunt_vaults_entry_fortified,
          chequers_serial_rivers_room_a, minmay_door_square, minivault_11
D:14:     layout_gridville, serial_bayou_pond_b
D:15:     hangedman_depths_entry_civil_slaughter, layout_stronghold,
          hangedman_abyss_or_decor_passed
Temple:   mainiacjoe_temple_coin_purse
Lair:1:   layout_hall_layers, st_stairs_13, infiniplex_staircase_pool_2,
          grunt_megastairs_5, serial_bayou_shore_b
Lair:2:   gammafunk_boulding_lane, layout_cave_pods,
          nicolae_swamp_entry_splash_gauntlet,
          nicolae_spider_entry_tight_spaces, small_statue_intersection
Lair:3:   layout_roguey
Lair:4:   layout_gridlike, slime_entry_1, portal_ice_cave_entry_pillars_2,
          enter_volcano_3, nicolae_lair_lakeside_cave
Lair:5:   grunt_lair_end_beastmaster, layout_hall_layers, gammafunk_ghost_ooze,
          columned_hall_lemuel, grunt_megastairs_3, serial_bayou_shore_b,
          uniq_rupert
Swamp:1:  layout_basic_swamp, evilmike_swamp_ruin_house_4, swamp_pool_4,
          nicolae_swamp_tree_isthmus, nicolae_swamp_decorative_isthmus,
          uniq_mlioglotl
Swamp:2:  layout_basic_swamp, evilmike_swamp_ruin_rubble_1, swamp_pool_5,
          infiniplex_staircase_pool
Swamp:3:  layout_basic_swamp, serial_swamp_ruin, evilmike_swamp_ruin_house_6,
          evilmike_swamp_ruin_house_3, hangedman_swamp_ruin_hall, swamp_pool_3
Swamp:4:  swamp_fiery, layout_basic_swamp
Spider:1: layout_spider_delve, nicolae_spider_webs_and_nodes
Spider:2: layout_spider_delve, uniq_arachne
Spider:3: layout_spider_delve
Spider:4: hellmonk_spider_rune_bug_friends, drop_trap,
          nicolae_spider_claw_tunnel
Orc:1:    layout_diamond_mine, basic_altar, uniq_erica, uniq_josephine,
          uniq_gastronok
Orc:2:    grunt_orc_cross, layout_caves, special_room, uniq_azrael
Vaults:1: nicolae_vaults_more_shelving_1, nicolae_vaults_tetromino_T_2,
          nicolae_vaults_three_branches, ontoclasm_vaults_idyll,
          hangedman_vaults_nails, ontoclasm_vaults_ring_large, v_pattern_2,
          hangedman_vaults_trim, v_misc_27, nicolae_vaults_big_angled_halls,
          hangedman_vaults_impose, layout_vaults_maze_snakey, uniq_asterion
Vaults:2: vaults_mumra_lcd, grunt_vaults_bifocal, hangedman_vaults_restitches,
          st_eye, nicolae_vaults_weapon_check, nicolae_vaults_more_shelving_2,
          nicolae_vaults_apartment_2, nicolae_vaults_frosty_reception,
          nicolae_vaults_little_squares_6, v_alt_pattern_4,
          layout_vaults_big_room, uniq_margery
Vaults:3: grunt_vaults_trifunnel, vaults_mumra_hexcomb, v_misc_29,
          nicolae_vaults_diagonal_hallway_8, nicolae_vaults_security_offices_6,
          ontoclasm_vaults_decontamination, nicolae_vaults_yaktaur_gun_rack,
          nicolae_vaults_tangram_1, layout_vaults_omnigrid, dummy_crypt_entry,
          uniq_bai_suzhen
Vaults:4: nicolae_vaults_rhombus_5, dpeg_vaults_monster_box,
          grunt_vaults_diagonal, nicolae_vaults_closet_pinwheel_5,
          dpeg_index_elf_rogue_hall, nicolae_vaults_what_the_h,
          nicolae_vaults_offset_grid_hallway_2, nicolae_vaults_meiosis,
          nicolae_vaults_storage_closets_1, nicolae_vaults_tetromino_T_2,
          v_misc_13, nicolae_vaults_tetromino_Z_1, layout_vaults_omnicross,
          uniq_zenata, uniq_boris
Depths:1: layout_long_grid, abyss_entry, grunt_pan_entry_spiral,
          nicolae_dithmenos_shadow_blocks, grunt_hell_entry_dis_grunt,
          gammafunk_ghost_cemetery, minmay_misc_feat_enclosed,
          minmay_misc_feat_more_columns, nicolae_shop_overcharged_wands
Depths:2: lemuel_castle_with_subvaults [lemuel_castle_interior_original],
          layout_honeycomb, enter_ziggurat_f, gammafunk_ghost_mausoleum,
          kiku_gazebo_pond_becter, hell_entry, rand_demon_pan_entry_3,
          minmay_room_of_horrors, grunt_ministairs_2, minmay_shop_grove

Skill      XL: |  1  2  3  4  5  6  7  8  9 10 11 12 13 14 15 16 17 18 19 20 21 22 |
---------------+-------------------------------------------------------------------+-----
Fighting       | 2 3 4 6 7 9 10 11 12 13 14 15 16 17 18 | 18.0
Short Blades   | 2 3 4 6 7 9 10 11 13 14 15 16 17 18 | 18.0
Stealth        | 5 6 7 8 9 10 12 13 15 | 15.0
Invocations    | 4 6 8 10 12 13 14 15 16 | 16.0
Dodging        | 5 8 9 10 11 13 14 15 | 15.0
Armour         | 3 7 9 10 11 12 | 12.2
Shields        | 8 |  8.7
Throwing       | |  1.7

Action                     |  1- 3 |  4- 6 |  7- 9 | 10-12 | 13-15 | 16-18 | 19-21 | 22-24 || total
---------------------------+-------+-------+-------+-------+-------+-------+-------+-------++-------
  Melee: Dagger            |    51 |   152 |    22 |       |       |       |       |       ||   225
         Bite              |    12 |    45 |    86 |   172 |   553 |   805 |   737 |   393 ||  2803
         Short sword       |       |       |    52 |       |       |       |       |       ||    52
         Rapier            |       |       |   201 |   419 |  1164 |   182 |       |       ||  1966
         Quick blade       |       |       |       |       |       |  1320 |  1241 |   577 ||  3138
  Throw: Dart              |       |       |     5 |       |     5 |     3 |     1 |     2 ||    16
 Invoke: Stomp             |       |       |       |     4 |     3 |     2 |     5 |     1 ||    15
         Line Pass         |       |       |       |     1 |     3 |    11 |     9 |     1 ||    25
         Grand Finale      |       |       |       |       |       |     3 |     3 |     1 ||     7
  Evoke: Wand              |       |     1 |     2 |    15 |    12 |     3 |       |       ||    33
         Phantom mirror    |       |       |       |     1 |     2 |     1 |       |       ||     4
    Use: Scroll            |       |       |    12 |     4 |    14 |    11 |     3 |       ||    44
         Potion            |       |       |       |     1 |       |       |       |       ||     1
   Stab: Sleeping          |    11 |    14 |    10 |    14 |    52 |    56 |    93 |     4 ||   254
         Distracted        |       |     1 |     3 |     1 |    10 |    11 |     8 |       ||    34
         Invisible         |       |     1 |       |     1 |     1 |     1 |       |       ||     4
         Paralysed         |       |       |     1 |    44 |    70 |    70 |    94 |    25 ||   304
         Confused          |       |       |       |       |     5 |    11 |    17 |     1 ||    34
         Petrifying        |       |       |       |       |     3 |       |       |       ||     3
         Petrified         |       |       |       |       |     3 |       |       |       ||     3
 Armour: Robe              |    16 |    79 |    34 |       |       |       |       |       ||   129
         Leather armour    |       |       |    88 |   221 |   253 |    75 |       |       ||   637
         Ice dragon scales |       |       |       |       |    16 |       |       |       ||    16
         Swamp dragon scal |       |       |       |       |       |   310 |   218 |   111 ||   639
  Dodge: Dodged            |    19 |    80 |    87 |   127 |   406 |   655 |   424 |   206 ||  2004
  Block: Kite shield       |       |       |       |       |       |       |       |    26 ||    26
Riposte: Rapier            |       |       |       |       |    14 |    17 |       |       ||    31
         Quick blade       |       |       |       |       |       |   105 |    66 |    42 ||   213

Table legend: (Time is in decaauts)
 A = Elapsed time spent in this place.
 B = Non-inter-level travel time spent in this place.
 C = Inter-level travel time spent in this place.
 D = Time resting spent in this place.
 E = Time spent auto-exploring this place.
 F = Levels seen in this place.
 G = Mean time per level.
                   A        B        C        D        E       F      G
               +--------+--------+--------+--------+--------+-----+--------+
         Total |  33346 |  31151 |   2195 |   1209 |  21839 |  40 |  833.7 |
       Dungeon |  12791 |  11672 |   1119 |    383 |   9049 |  15 |  852.7 |
        Temple |     24 |      2 |     22 |      0 |      0 |   1 |   24.0 |
          Lair |   5368 |   4876 |    492 |    182 |   3505 |   5 | 1073.6 |
         Swamp |   2828 |   2758 |     70 |    103 |   1797 |   4 |  707.0 |
   Spider Nest |   2613 |   2472 |    141 |     40 |   1569 |   4 |  653.2 |
  Orcish Mines |   1905 |   1789 |    116 |    104 |   1066 |   2 |  952.5 |
        Vaults |   4561 |   4357 |    204 |    110 |   3220 |   4 | 1140.2 |
        Depths |   1976 |   1948 |     28 |     25 |   1402 |   2 |  988.0 |
       Ossuary |    236 |    236 |      0 |      8 |     76 |   1 |  236.0 |
      Ice Cave |    853 |    853 |      0 |    253 |    154 |   1 |  853.0 |
       Volcano |    186 |    186 |      0 |      0 |      0 |   1 |  186.0 |
               +--------+--------+--------+--------+--------+-----+--------+

Top non-repeatable levels by time:
Vaults:4: 1474 daAuts
  Lair:2: 1464 daAuts
    D:10: 1341 daAuts
   Orc:2: 1331 daAuts
    D:13: 1213 daAuts
Vaults:3: 1202 daAuts
  Lair:5: 1123 daAuts
Vaults:2: 1107 daAuts
  Lair:4: 1090 daAuts
    D:15: 1081 daAuts
Depths:2: 1080 daAuts
Spider:4: 974 daAuts
  Lair:3: 922 daAuts
    D:12: 908 daAuts
     D:9: 906 daAuts
